 Dungeon Crawl Stone Soup version 0.23-a0-261-g133332c (console) character file.

922 bli the Sneak (level 8, -9/52 HPs)
             Began as an Octopode Transmuter on Sept 29, 2018.
             Mangled by Edmund
             ... wielding a +0 dire flail of venom
              (12 damage)
             ... on level 5 of the Dungeon.
             The game lasted 00:17:50 (3708 turns).

bli the Sneak (Octopode Transmuter)                 Turns: 3708, Time: 00:17:51

Health: -9/52      AC:  1    Str:  7 (10) XL:     8   Next: 10%
Magic:  0/12       EV: 14    Int: 12 (15) God:
Gold:   288        SH:  0    Dex: 12 (14) Spells: 10/13 levels left

rFire    . . .     SeeInvis .   b - +2 rapier (drain)
rCold    . . .     Gourm    .   (no shield)
rNeg     . . .     Faith    .   (helmet restricted)
rPois    .         Spirit   +   m - amulet of guardian spirit
rElec    .         Reflect  .   (no ring)
rCorr    .         Harm     .   (no ring)
MR       .....                  (no ring)
Stlth    ++++......             (no ring)
HPRegen  0.17/turn              (no ring)
MPRegen  0.13/turn              (no ring)
                                (no ring)
                                (no ring)

@: lethally poisoned (-9 -> -53), appendage (expiring)
A: almost no armour, stealthy swim, amphibious, 8 rings, constrict 8, tentacle
spike 3, camouflage 1, gelatinous body 1
a: End Transformation


You were on level 5 of the Dungeon.
You were not hungry.
One of your tentacles had a temporary spike.
You visited 1 branch of the dungeon, and saw 5 of its levels.

You collected 288 gold pieces.

Inventory:

Hand Weapons
 a - a +2 dagger of speed
 b - a +2 rapier of draining (weapon)
 w - a +2 dagger of holy wrath
 y - a cursed -2 club
Missiles
 f - 10 arrows
 r - 18 poisoned needles
Jewellery
 m - an amulet of guardian spirit (around mantle)
Wands
 o - a wand of random effects (12)
Scrolls
 d - a scroll of enchant weapon {unknown}
 g - 2 scrolls of enchant armour {unknown}
 h - 3 scrolls of identify {unknown}
 i - 4 scrolls of fog {unknown}
 k - 3 scrolls of teleportation {unknown}
 l - a scroll of remove curse {unknown}
 q - 2 scrolls of fear {unknown}
 s - a scroll of magic mapping {unknown}
 u - a scroll of immolation {unknown}
 v - a scroll of blinking {unknown}
 x - a scroll of amnesia {unknown}
Potions
 e - a potion of haste {unknown}
 j - a potion of flight {unknown}
 n - a potion of brilliance {unknown}
 p - a potion of degeneration
 t - a potion of curing {unknown}
 A - a potion of heal wounds
Comestibles
 c - 7 rations
 z - 3 chunks of flesh


   Skills:
 * Level 3.4 Fighting
 + Level 4.4 Short Blades
 + Level 3.8 Dodging
 + Level 6.5 Stealth
 * Level 3.8 Unarmed Combat
 + Level 3.1 Spellcasting
 + Level 2.0 Transmutations


You had 10 spell levels left.
You knew the following spells:

 Your Spells              Type           Power        Failure   Level  Hunger
a - Beastly Appendage     Tmut           #.....       11%         1    #......
b - Sticks to Snakes      Tmut           #.......     16%         2    ###....

Your spell library contained the following spells:

 Spells                   Type           Power        Failure   Level  Hunger
 Spider Form              Tmut/Pois      #.........   43%         3    ###....
 Ice Form                 Ice/Tmut       #.......     85%         4    #####..
 Blade Hands              Tmut           #.........   96%         5    ######.


Dungeon Overview and Level Annotations

Branches:
Dungeon (5/15)
 Temple: D:4-7

Altars:
Ashenzari
Gozag
Makhleb
Xom

Annotations:
D:5 Edmund


Innate Abilities, Weirdness & Mutations

You cannot wear most types of armour.
You are very stealthy in the water. (Stealth+)
You are amphibious.
You can wear up to eight rings at the same time.
You can use your tentacles to constrict eight enemies at once.
Your skin changes colour to match your surroundings (Stealth+).
Your rubbery body absorbs attacks. (AC +1, EV +1)
One of your tentacles bears a large vicious spike.


Message History

You constrict the worker ant, but do no damage.
* * * LOW HITPOINT WARNING * * *
You feel sick. The worker ant closely misses you.
You sense an unholy aura.
b - a +2 rapier of draining (weapon)
You constrict Edmund, but do no damage. You constrict the worker ant.
* * * LOW HITPOINT WARNING * * *
You feel sick.
Edmund hits you with a dire flail of venom!
* * * LOW HITPOINT WARNING * * *
You are more poisoned.
The worker ant closely misses you.
You barely miss Edmund.
Edmund is moderately wounded.
You constrict Edmund. You constrict the worker ant.
* * * LOW HITPOINT WARNING * * *
You feel very sick. The worker ant barely misses you.
Edmund hits you with a dire flail of venom!
You die...

#o##.#
#.................#..
#....#
#...................
####a#
#...<.............# #.#
#.#..............# #.#
#........##.....# #.#
##.#[[######....#
#.###.....# #....####
#.##..##..# #>........
#..#..##..######....#####
##....##.a.[<...........
##.....@@.#####....####
#.....###<.....#....#
....#.### #.####.#.......
#####.. #.# .....### ###
#.# ..#### #.. .## ###


You could see Edmund and a worker ant.

Vanquished Creatures
  Prince Ribbit (D:5)
  Duvessa (D:5)
  An ogre (D:4)
  A big kobold (D:3)
  A bullfrog (D:4)
  A scorpion (D:4)
  Dowan (D:5)
  A centaur zombie (D:4)
  2 hounds
  An orc wizard (D:4)
  An orc priest (D:4)
  A howler monkey zombie (D:4)
  2 worker ant zombies (D:5)
  6 adders
  2 oozes
  2 worms
  4 dart slugs
  2 leopard geckos
  6 orcs
  A ball python (D:2)
  4 bats
  A giant cockroach (D:4)
  7 goblins
  12 hobgoblins
  3 jackals (D:2)
  A quokka (D:2)
  6 frilled lizards
  11 kobolds
  6 rats
  2 butterflies (D:2)
91 creatures vanquished.

Vanquished Creatures (others)
  A bat (D:1)
1 creature vanquished.

Grand Total: 92 creatures vanquished

Notes
Turn   | Place    | Note
-------+----------+-------------------------------------------
     0 | D:1      | bli the Octopode Transmuter began the quest for the Orb.
     0 | D:1      | Reached XP level 1. HP: 13/13 MP: 3/3
   210 | D:1      | Reached skill level 1 in Stealth
   225 | D:1      | Reached XP level 2. HP: 10/18 MP: 5/5
   348 | D:1      | Reached skill level 2 in Stealth
   581 | D:1      | Reached XP level 3. HP: 18/23 MP: 6/6
   860 | D:2      | Reached skill level 1 in Short Blades
  1074 | D:2      | Reached skill level 3 in Stealth
  1074 | D:2      | Reached XP level 4. HP: 22/28 MP: 7/7
  1264 | D:2      | Reached skill level 4 in Stealth
  1317 | D:2      | Found a shimmering altar of Xom.
  1410 | D:2      | Reached XP level 5. HP: 25/33 MP: 8/8
  1532 | D:2      | Found a burning altar of Makhleb.
  1987 | D:3      | Found a shattered altar of Ashenzari.
  2010 | D:3      | Found an opulent altar of Gozag.
  2357 | D:3      | Noticed a big kobold
  2385 | D:3      | Killed a big kobold
  2385 | D:3      | Reached skill level 5 in Stealth
  2385 | D:3      | Reached XP level 6. HP: 27/38 MP: 6/9
  3137 | D:4      | Reached XP level 7. HP: 45/45 MP: 10/10
  3270 | D:4      | Reached skill level 6 in Stealth
  3437 | D:5      | Entered Level 5 of the Dungeon
  3441 | D:5      | Noticed Prince Ribbit
  3474 | D:5      | Learned a level 2 spell: Sticks to Snakes
  3487 | D:5      | Noticed Duvessa
  3487 | D:5      | Noticed Dowan
  3494 | D:5      | Killed Prince Ribbit
  3500 | D:5      | Killed Dowan
  3506 | D:5      | Killed Duvessa
  3506 | D:5      | Reached XP level 8. HP: 35/52 MP: 4/12
  3562 | D:5      | Noticed Edmund
  3708 | D:5      | Mangled by Edmund

Vault maps used:
D:1:      shiori_arrival_maze, minmay_stone_trees_medium
D:2:      xom_butterflies, makhleb_blood_cavern_becter, guppyfry_early_orc_mine
D:3:      cheibrodos_thug_alley, nicolae_gozag_cash_rules_everything_around_me,
          evilmike_ruin_ashenzari
D:4:      amethyst_killhole
D:5:      basic_altar, first_ration, kennysheep_flooded_box, patterned_corridor,
          uniq_edmund, uniq_duvessa, uniq_prince_ribbit1

Skill      XL: |  1  2  3  4  5  6  7 |
---------------+----------------------+-----
Stealth        | 1 2 3 4 5 6 |  6.5
Short Blades   | 1 2 4 |  4.4
Dodging        | 3 |  3.8
Fighting       | 2 3 |  3.4
Spellcasting   | 3 |  3.1
Unarmed Combat | |  3.8
Transmutations | |  2.0

Action                   |  1- 3 |  4- 6 |  7- 9 || total
-------------------------+-------+-------+-------++-------
Melee: Dagger            |    65 |   139 |    23 ||   227
       Constrict         |    17 |    30 |     9 ||    56
       Tentacles         |    11 |    29 |     8 ||    48
       Kick              |    12 |    14 |    15 ||    41
       Punch             |     2 |     6 |     1 ||     9
       Rapier            |       |     3 |    28 ||    31
       Unarmed           |       |     3 |       ||     3
 Cast: Beastly Appendage |     6 |    16 |     6 ||    28
       Sticks to Snakes  |       |       |     2 ||     2
  Use: Potion            |       |       |     2 ||     2
 Stab: Sleeping          |     6 |     7 |       ||    13
       Distracted        |       |     1 |     1 ||     2
  Eat: Chunk             |     1 |     6 |     2 ||     9
Armor: Skin              |     5 |     3 |       ||     8
Dodge: Dodged            |    26 |    52 |    42 ||   120

Table legend:
 A = Non-vault XP
 B = Vault XP
 C = Vault XP percentage of total XP
 D = Non-vault monster count
 E = Vault monster count
 F = Vault count percentage of total count
                 A         B        C        D         E       F
            +---------+---------+-------+---------+---------+-------
      Total |     690 |     628 |  47.6 |      67 |      22 |  24.7
            +---------+---------+-------+---------+---------+-------
        D:1 |      34 |       3 |   8.1 |      16 |       2 |  11.1
        D:2 |      86 |      62 |  41.9 |      20 |       8 |  28.6
        D:3 |      55 |     106 |  65.8 |      15 |       8 |  34.8
        D:4 |     485 |       0 |   0.0 |      14 |       0 |   0.0
        D:5 |      30 |     457 |  93.8 |       2 |       4 |  66.7
            +---------+---------+-------+---------+---------+-------
